 Dungeon Crawl Stone Soup version 0.29-a0-451-gfbfa42419e (webtiles) character file.

Game seed: 14781542757785857556

313 Impy the Shield-Bearer (level 6, -3/51 HPs)
             Began as a Formicid Fighter on May 19, 2022.
             Slain by Duvessa
             ... wielding a +2 short sword of speed
              (8 damage)
             ... on level 5 of the Dungeon.
             The game lasted 00:08:03 (4421 turns).

Impy the Shield-Bearer (Formicid Fighter)           Turns: 4421, Time: 00:08:05

Health: -3/51      AC:  6    Str: 20 (23) XL:     6   Next: 71%
Magic:  6/6        EV:  9    Int:  5 (7)  God:
Gold:   150        SH:  0    Dex:  9 (10) Spells: 5/5 levels left

rFire   . . .      SeeInvis +   e - +1 demon trident (elec)
rCold   + . .      Faith    .   (no shield)
rNeg    . . .      Spirit   .   b - +0 scale mail
rPois   .          Reflect  .   (helmet unavailable)
rElec   .          Harm     .   (no cloak)
rCorr   +          Rampage  .   (no gloves)
Will    .....                   (no boots)
Stlth   ..........              (no amulet)
HPRegen 0.17/turn               g - ring of resist corrosion
MPRegen 0.10/turn               m - ring of protection from cold

@: invisible
A: permanent stasis, dig shafts and tunnels, antennae 3, four strong arms
a: Dig, Shaft Self


You were on level 5 of the Dungeon.
You visited 2 branches of the dungeon, and saw 6 of its levels.

You collected 150 gold pieces.

Inventory:

Hand Weapons
 a - a +0 trident of freezing
 e - a +1 demon trident of electrocution (weapon)
Armour
 b - a +0 scale mail (worn)
 c - a +0 buckler
 j - a +1 kite shield
Jewellery
 g - a ring of resist corrosion (left hand)
 m - a ring of protection from cold (right hand)
Wands
 p - a wand of iceblast (14)
Scrolls
 f - 4 scrolls of identify
 k - a scroll of fear
 l - a scroll of silence
 o - a scroll of brand weapon
Potions
 d - a potion of might
 h - 2 potions of attraction


   Skills:
 + Level 5.1 Fighting
 + Level 4.1 Polearms
 - Level 3.2 Armour
 + Level 6.2 Shields


You had 5 spell levels left.
You didn't know any spells.
Your spell library contained the following spells:

 Spells                   Type           Power      Damage    Failure   Level
 Apportation              Tloc           0%         N/A       83%         1
 Slow                     Hex            0%         N/A       83%         1
 Ensorcelled Hibernation  Hex/Ice        0%         N/A       92%         2
 Sublimation of Blood     Necr           0%         N/A       92%         2
 Wereblood                Tmut           0%         N/A       92%         2
 Call Canine Familiar     Summ           0%         N/A       99%         3
 Confusing Touch          Hex            0%         N/A       99%         3
 Portal Projectile        Hex/Tloc       0%         N/A       99%         3
 Spider Form              Tmut/Pois      0%         N/A       99%         3
 Vampiric Draining        Necr           0%         2d6       99%         3
 Anguish                  Hex/Necr       0%         N/A       100%        4
 Leda's Liquefaction      Hex/Erth       0%         N/A       100%        4
 Petrify                  Tmut/Erth      0%         N/A       100%        4
 Alistair's Intoxication  Tmut/Pois      0%         N/A       100%        5
 Irradiate                Conj/Tmut      0%         3d13      100%        5
 Summon Hydra             Summ           0%         N/A       100%        7


Dungeon Overview and Level Annotations

Branches:
Dungeon (5/15)             Temple (1/1) D:4

Altars:
Ashenzari
Elyvilon
Hepliaklqana
Makhleb
Sif Muna
Trog
Vehumet
Wu Jian
Xom
Yredelemnul

Shops:
D:1 ?   D:4 [

Annotations:
D:5 Dowan, Duvessa


Innate Abilities, Weirdness & Mutations

You cannot be hasted, slowed, berserked, paralysed or teleported.
You can dig through walls and to a lower floor.
You have a pair of large antennae on your head. (SInv)
Your four strong arms can wield two-handed weapons with a shield.


Message History

You kill the jackal!
You hit the jackal.
You kill the jackal!
The jackal closely misses you.
You barely miss the jackal. The jackal bites you.
You hit the jackal.
The jackal is heavily wounded.
The jackal bites you but does no damage. x2
You barely miss the jackal.
The jackal is heavily wounded.
The jackal bites you but does no damage.
You hit the jackal.
You kill the jackal!
You hit Duvessa but do no damage.
Duvessa hits you with a +2 short sword of speed!
You closely miss Duvessa.
Duvessa hits you with a +2 short sword of speed. x2
You hit Duvessa.
Duvessa is lightly wounded.
Dowan points at Duvessa and mumbles some strange words.
Duvessa seems to speed up.
Duvessa barely misses you.
You puncture Duvessa!
Duvessa is heavily wounded.
Duvessa closely misses you.
Duvessa hits you with a +2 short sword of speed! x2
* * * LOW HITPOINT WARNING * * *
You are too injured to fight recklessly!
It was a potion of degeneration.
There was something very wrong with that liquid.
You feel weakened.
You feel dopey.
You feel clumsy.
Duvessa hits you with a +2 short sword of speed.
* * * LOW HITPOINT WARNING * * *
Duvessa hits you but does no damage.
You fade into invisibility!
Duvessa hits you with a +2 short sword of speed.
* * * LOW HITPOINT WARNING * * *
Dowan gestures at you while chanting.
The puff of frost hits Duvessa.
Duvessa hits you with a +2 short sword of speed!
You die...

{ {
#############
#............
#....<.......
#..##@#######
##..##e#
#.....e#
#......#
########'######
................
................
.......?........
................


You could see Duvessa (fast, can't see you) and Dowan (can't see you).

Vanquished Creatures
  A phantom (D:4)
  Blork the orc (D:4)
  An iguana (D:4)
  Robin (D:4)
  4 adders
  2 worms (D:2)
  A dart slug (D:2)
  5 orcs (D:3)
  7 endoplasms
  3 giant cockroaches
  20 goblins
  9 hobgoblins
  4 jackals (D:5)
  9 kobolds
  2 quokkas (D:2)
  5 ball pythons
  3 frilled lizards
  5 rats
83 creatures vanquished.

Vanquished Creatures (others)
  A plant (D:2)
1 creature vanquished.

Grand Total: 84 creatures vanquished

Notes
Turn   | Place    | Note
-------+----------+-------------------------------------------
     0 | D:1      | Impy the Formicid Fighter began the quest for the Orb.
     0 | D:1      | Reached XP level 1. HP: 18/18 MP: 1/1
    18 | D:1      | Identified a scroll of acquirement
    19 | D:1      | Acquired a +0 demon trident of electrocution
   309 | D:1      | Reached XP level 2. HP: 24/24 MP: 2/2
   362 | D:1      | Found Kefusaso's Magic Scroll Boutique.
   525 | D:1      | Found a faded altar of an unknown god.
  1181 | D:2      | Reached XP level 3. HP: 25/30 MP: 3/3
  1882 | D:2      | Reached XP level 4. HP: 35/37 MP: 4/4
  2295 | D:3      | Reached skill level 5 in Shields
  3180 | D:4      | Noticed Blork the orc
  3184 | D:4      | Killed Blork the orc
  3185 | D:4      | Reached XP level 5. HP: 41/43 MP: 5/5
  3306 | D:4      | Noticed a phantom
  3313 | D:4      | Killed a phantom
  3314 | D:4      | Reached skill level 5 in Fighting
  3314 | D:4      | Reached skill level 6 in Shields
  3314 | D:4      | Reached XP level 6. HP: 43/51 MP: 6/6
  3366 | D:4      | Found a staircase to the Ecumenical Temple.
  3372 | Temple   | Entered the Ecumenical Temple
  3755 | D:4      | Found Egaos's Antique Armour Shoppe.
  3967 | D:4      | Found a white marble altar of Elyvilon.
  4099 | D:4      | Noticed Robin
  4121 | D:4      | Killed Robin
  4389 | D:5      | Entered Level 5 of the Dungeon
  4396 | D:5      | Noticed Duvessa
  4398 | D:5      | Noticed Dowan
  4421 | D:5      | Slain by Duvessa

Illustrated notes

Levels and vault maps discovered:
D:1:      roderic_crossed_star, layout_basic, serial_shops, nicolae_shop_trees,
          basic_ecumenical_altar
D:2:      layout_loops_ring, kennysheep_boxes
D:3:      layout_loops_corners
D:4:      layout_basic, mainiacjoe_overflow_six_doors_small,
          minmay_temple_entry_waves, serial_shops, shop, minivault_11,
          uniq_blork_the_orc, uniq_robin
D:5:      layout_gridville, uniq_duvessa
Temple:   compressed_dpeg_triangle_lava_temple

Skill      XL: |  1  2  3  4  5  6 |
---------------+-------------------+-----
Fighting       | 4 5 |  5.1
Polearms       | 3 4 |  4.1
Shields        | 5 6 |  6.2
Armour         | |  3.2

Action                   |  1- 3 |  4- 6 || total
-------------------------+-------+-------++-------
Melee: Demon trident     |    80 |   137 ||   217
       Punch             |     1 |       ||     1
  Use: Scroll            |     4 |    10 ||    14
       Potion            |     3 |     3 ||     6
Armor: Scale mail        |    40 |    47 ||    87
Dodge: Dodged            |    22 |    51 ||    73

Table legend: (Time is in decaauts)
 A = Elapsed time spent in this place.
 B = Non-inter-level travel time spent in this place.
 C = Inter-level travel time spent in this place.
 D = Time resting spent in this place.
 E = Time spent auto-exploring this place.
 F = Levels seen in this place.
 G = Mean time per level.
                   A        B        C        D        E       F      G
               +--------+--------+--------+--------+--------+-----+--------+
         Total |   4451 |   4330 |    121 |      0 |   3784 |   6 |  741.8 |
       Dungeon |   4159 |   4058 |    101 |      0 |   3520 |   5 |  831.8 |
        Temple |    291 |    271 |     20 |      0 |    264 |   1 |  291.0 |
               +--------+--------+--------+--------+--------+-----+--------+

Top non-repeatable levels by time:
     D:1: 1162 daAuts
     D:2: 1126 daAuts
     D:4: 923 daAuts
     D:3: 914 daAuts
  Temple: 291 daAuts
     D:5: 33 daAuts
